 Dungeon Crawl Stone Soup version 0.31-a0-152-g6aa68a64a1 (webtiles) character file.

Game seed: 14706849357004590627

3115 qw the Skirmisher (level 9, -2/76 (79) HPs)
             Began as a Minotaur Hunter on June 8, 2023.
             Was a Follower of Okawaru.
             Slain by a killer bee (6 damage)
             ... on level 7 of the Dungeon.
             The game lasted 00:02:32 (6083 turns).

qw the Skirmisher (Minotaur Hunter)                 Turns: 6083, Time: 00:02:33

HP:   -2/76 (79)    AC:  8    Str: 16    XL:     9   Next: 60%
MP:   9/11          EV: 21    Int: 12    God:    Okawaru [*.....]
Gold: 217           SH:  0    Dex: 23    Spells: 8/8 levels left

rFire   x . .        Y - +1 longbow (freeze)
rCold   . . .        (shield currently unavailable)
rNeg    . . .        g - +0 steam dragon scales
rPois   +            c - +2 hat {Will+}
rElec   .            (no cloak)
rCorr   +            (no gloves)
SInv    .            (no boots)
Will    .....        (no amulet)
Stlth   ++++         d - ring of poison resistance
HPRegen 0.32/turn    o - ring of Xadamer {rF- Will- rCorr Int+6 Dex+5}
MPRegen 0.12/turn

%: no passive effects
@: about to teleport, heroic, lightly drained
A: horns 2, retaliatory headbutt
a: Renounce Religion, Heroism


You were on level 7 of the Dungeon.
You worshipped Okawaru.
Okawaru was aware of your devotion.
You visited 1 branch of the dungeon, and saw 7 of its levels.

You collected 434 gold pieces.
You spent 217 gold pieces at shops.


Innate Abilities, Weirdness & Mutations

You have a pair of horns on your head.
You reflexively headbutt those who attack you in melee.


   Skills:
 - Level 7.5(12.5) Fighting
 + Level 11.3(16.3) Ranged Weapons
 - Level 2.2(7.2) Armour
 - Level 6.1(11.1) Dodging
 - Level 0.7(5.7) Stealth
 - Level 4.7 Invocations


You had 8 spell levels left.
You didn't know any spells.
Your spell library was empty.

Inventory:

Hand Weapons
 Y - a +1 longbow of freezing (weapon)
Armour
 c - a +2 hat of willpower (worn)
 g - +0 steam dragon scales (worn)
Jewellery
 d - a ring of poison resistance (left hand)
 e - a ring of resist corrosion
 o - the ring of Xadamer (right hand) {rF- Will- rCorr Int+6 Dex+5}
   (You found it on level 5 of the Dungeon)

   [ring of intelligence]

   Int:       It affects your intelligence (+6).
   Dex:       It affects your dexterity (+5).
   rF:        It makes you vulnerable to fire.
   rCorr:     It protects you from acid and corrosion.
   Will:      It decreases your willpower.
Wands
 n - a wand of digging (8)
Scrolls
 b - a scroll of blinking {unknown}
 h - 3 scrolls of identify
 i - a scroll of teleportation
 p - a scroll of torment {unknown}
 r - a scroll of fog {unknown}
Potions
 a - a potion of resistance
 f - a potion of curing
 j - a potion of enlightenment {unknown}
 k - 2 potions of might {unknown}
 l - a potion of heal wounds
 m - a potion of lignification {unknown}
 q - a potion of degeneration {unknown}

Dungeon Overview and Level Annotations

Branches:
Dungeon (7/15)             Temple (0/1) D:6

Altars:
Ashenzari
Hepliaklqana
Okawaru
Trog
Wu Jian
Yredelemnul

Shops:
D:2 *   D:5 ((


Message History

The wight hits you with a +0 mace.
You feel drained.
The wight hits you from afar with a +0 halberd!
You feel drained.
6080 ||| INVOKING Heroism.
You gain the combat prowess of a mighty hero.
The killer bee stings you but does no damage.
The wight completely misses you. The wight barely misses you.
The wight misses you.
The bullfrog hits you but does no damage.
The killer bee barely misses you.
You shoot an arrow. The arrow hits the wight!
You destroy the wight!
Okawaru accepts your kill. The killer bee stings you.
The killer bee closely misses you. The bullfrog closely misses you.
The wight hits you from afar with a +0 halberd!
The wight barely misses you. The killer bee barely misses you.
You furiously retaliate!
You headbutt the killer bee. The killer bee completely misses you.
The killer bee misses you.
You shoot an arrow. The arrow hits the killer bee!
The arrow freezes the killer bee.
You kill the killer bee!
Okawaru accepts your kill. The bullfrog closely misses you.
The killer bee misses you. The killer bee completely misses you.
The wight completely misses you.
The wight hits you from afar with a +0 halberd.
The bullfrog hits you but does no damage.
The killer bee misses you. The killer bee completely misses you.
You furiously retaliate!
You headbutt the killer bee!
6083 ||| READING 2 scrolls of teleportation.
As you read the scroll of teleportation, it crumbles to dust.
You feel strangely unstable. The killer bee completely misses you.
You furiously retaliate!
You headbutt the killer bee. The killer bee barely misses you.
The bullfrog hits you.
The wight hits you from afar with a +0 halberd!
The wight closely misses you. You furiously retaliate!
You headbutt the wight! The wight misses you.
The killer bee closely misses you. The killer bee stings you.
You die...

#....#...#..##...
#....#..##..##...
#....#'###.)#....
#....#......#....
#)...'......#....
#....#..###.#####
#....#..# .#
#####....#....
#..y@)...#.....
#..yFz...+.......
#..zz....#.......
#....#####...####
#....' #....#
#####. .


You could see a bullfrog, 2 killer bees and 3 wights.

Vanquished Creatures
  Maggie (D:6)
  Grinder (D:6)
  Eustachio (D:6)
  Edmund (D:6)
  A water moccasin (D:5)
  A black bear (D:7)
  An orc warrior (D:6)
  3 ice beasts (D:5)
  2 sky beasts
  A centaur (D:7)
  3 kobold brigands
  Blork the orc (D:6)
  4 scorpions
  A gnoll sergeant (D:6)
  2 wights (D:7)
  2 killer bees (D:7)
  4 hounds
  An orc priest (D:7)
  A gnoll bouda (D:6)
  A jelly (D:6)
  A sleepcap (D:6)
  4 iguanas
  4 orc wizards
  23 gnolls
  2 adders (D:2)
  A shadow imp (D:6)
  2 white imps
  An ufetubus (D:5)
  A dart slug (D:4)
  11 orcs
  4 ball pythons
  7 endoplasms
  2 giant cockroaches (D:4)
  6 goblins
  15 hobgoblins
  2 quokkas
  3 bats (D:1)
  3 frilled lizards (D:1)
  45 kobolds
  8 rats
178 creatures vanquished.

Notes
Turn   | Place    | Note
-------+----------+-------------------------------------------
     0 | D:1      | qw the Minotaur Hunter began the quest for the Orb.
     0 | D:1      | Reached XP level 1. HP: 18/18 MP: 0/0
     0 | D:1      | 0 ||| qw: Version: 0.2-a-120-gdf1a93b
     0 | D:1      | 0 ||| qw: Game counter: 3143
     0 | D:1      | 0 ||| qw: Always use a shield: true
     0 | D:1      | 0 ||| qw: God list: Okawaru
     0 | D:1      | 0 ||| qw: Allow faded altars: false
     0 | D:1      | 0 ||| qw: Do Orc after D:15 true
     0 | D:1      | 0 ||| qw: Do second Lair branch before Depths: true
     0 | D:1      | 0 ||| qw: Lair rune preference: random
     0 | D:1      | 0 ||| qw: Plans: Normal
     0 | D:1      | 0 ||| PLANNING D:1-11
   265 | D:1      | Reached XP level 2. HP: 25/25 MP: 1/1
   275 | D:1      | Reached skill level 5 in Ranged Weapons
   378 | D:1      | Reached skill level 3 in Fighting
   478 | D:1      | 478 ||| UPGRADING to +0 ring mail.
   488 | D:1      | 488 ||| DROPPING +0 leather armour.
   489 | D:1      | 489 ||| READING scroll labelled TAZELU NIERUAXTEJ.
   490 | D:1      | 490 ||| READING scroll labelled ENEMUTOICW.
   491 | D:1      | 491 ||| READING 2 scrolls labelled AKLUEJ XIFUNEG.
   492 | D:1      | 492 ||| DRINKING 2 fuming pink potions.
   493 | D:1      | 493 ||| DROPPING scroll of butterflies.
   494 | D:1      | 494 ||| DROPPING potion of brilliance.
   547 | D:2      | Found Pecaod's General Store.
   552 | D:2      | 552 ||| SHOPLISTING potion of haste (130 gold, have 26).
   552 | D:2      | 552 ||| SHOPLISTING potion of mutation (104 gold, have 26).
   552 | D:2      | 552 ||| SHOPLISTING ring of fire (325 gold, have 26).
   552 | D:2      | 552 ||| BUYING scroll of identify (26 gold).
   552 | D:2      | Bought a scroll of identify for 26 gold pieces
   552 | D:2      | 552 ||| SHOPLISTING scroll of identify (26 gold, have 0).
   649 | D:2      | Reached XP level 3. HP: 31/31 MP: 2/2
   694 | D:2      | Reached skill level 1 in Armour
   988 | D:2      | 988 ||| UPGRADING to ring of poison resistance.
  1110 | D:2      | 1110 ||| READING scroll labelled ETORYC XUKEPE.
  1110 | D:2      | Identified a scroll of acquirement
  1110 | D:2      | 1110 ||| ACQUIRING +2 hat of willpower
  1110 | D:2      | Acquired a +2 hat of willpower
  1112 | D:2      | 1112 ||| UPGRADING to +2 hat of willpower.
  1117 | D:2      | 1117 ||| READING scroll labelled FUL UVEXAUFIGG.
  1118 | D:2      | 1118 ||| DRINKING 2 glowing black potions.
  1119 | D:2      | 1119 ||| DRINKING 2 sedimented purple potions.
  1120 | D:2      | 1120 ||| READING 3 scrolls of identify.
  1120 | D:2      | 1120 ||| IDENTIFYING fuming white potion
  1121 | D:2      | 1121 ||| READING 2 scrolls of identify.
  1121 | D:2      | 1121 ||| IDENTIFYING emerald potion
  1122 | D:2      | 1122 ||| DROPPING potion of berserk rage.
  1123 | D:2      | 1123 ||| DROPPING potion of attraction.
  1300 | D:3      | 1300 ||| Stepping ~*~*~tactically~*~*~ (outnumbered).
  1302 | D:3      | 1302 ||| Stepping ~*~*~tactically~*~*~ (outnumbered).
  1308 | D:3      | Reached XP level 4. HP: 34/38 MP: 3/3
  1381 | D:3      | 1381 ||| Stepping ~*~*~tactically~*~*~ (outnumbered).
  1382 | D:3      | 1382 ||| Stepping ~*~*~tactically~*~*~ (outnumbered).
  1383 | D:3      | 1383 ||| Stepping ~*~*~tactically~*~*~ (outnumbered).
  1387 | D:3      | 1387 ||| Stepping ~*~*~tactically~*~*~ (outnumbered).
  1392 | D:3      | Reached skill level 6 in Ranged Weapons
  1396 | D:3      | Noticed a kobold brigand
  1408 | D:3      | Killed a kobold brigand
  1409 | D:3      | Reached XP level 5. HP: 35/47 MP: 4/4
  1501 | D:3      | 1501 ||| FLEEEEING.
  1502 | D:3      | 1502 ||| FLEEEEING.
  1503 | D:3      | 1503 ||| FLEEEEING.
  1504 | D:3      | 1504 ||| FLEEEEING.
  1505 | D:3      | 1505 ||| FLEEEEING.
  1506 | D:3      | 1506 ||| FLEEEEING.
  1507 | D:3      | 1507 ||| FLEEEEING.
  1508 | D:3      | 1508 ||| FLEEEEING.
  1509 | D:3      | 1509 ||| FLEEEEING.
  1510 | D:3      | 1510 ||| FLEEEEING.
  1511 | D:3      | 1511 ||| FLEEEEING.
  1643 | D:3      | Reached skill level 7 in Ranged Weapons
  1668 | D:3      | Reached XP level 6. HP: 53/53 MP: 5/5
  1695 | D:3      | 1695 ||| Stepping ~*~*~tactically~*~*~ (outnumbered).
  1727 | D:3      | HP: 13/53 [gnoll/+0 spear (3)]
  1734 | D:3      | HP: 7/53 [gnoll/+0 spear (3)]
  1740 | D:3      | 1740 ||| FLEEEEING.
  1745 | D:3      | 1745 ||| FLEEEEING.
  1746 | D:3      | 1746 ||| FLEEEEING.
  1747 | D:3      | 1747 ||| FLEEEEING.
  1748 | D:3      | 1748 ||| FLEEEEING.
  1749 | D:3      | 1749 ||| FLEEEEING.
  1750 | D:3      | 1750 ||| FLEEEEING.
  1751 | D:3      | 1751 ||| FLEEEEING.
  1752 | D:3      | 1752 ||| FLEEEEING.
  1753 | D:3      | 1753 ||| FLEEEEING.
  1754 | D:3      | 1754 ||| FLEEEEING.
  1755 | D:3      | 1755 ||| FLEEEEING.
  1764 | D:3      | 1764 ||| FLEEEEING.
  1765 | D:3      | 1765 ||| FLEEEEING.
  1766 | D:3      | 1766 ||| FLEEEEING.
  1767 | D:3      | 1767 ||| FLEEEEING.
  1768 | D:3      | 1768 ||| FLEEEEING.
  1769 | D:3      | 1769 ||| FLEEEEING.
  1770 | D:3      | 1770 ||| FLEEEEING.
  1771 | D:3      | 1771 ||| FLEEEEING.
  1772 | D:3      | 1772 ||| FLEEEEING.
  1773 | D:3      | 1773 ||| STAIRDANCE
  1965 | D:3      | Found a hazy altar of Hepliaklqana.
  1965 | D:3      | Found a bloodstained altar of Trog.
  1966 | D:3      | Found a basalt altar of Yredelemnul.
  2035 | D:3      | Found a broken altar of Ashenzari.
  2474 | D:3      | 2474 ||| DRINKING 2 glowing puce potions.
  2527 | D:4      | 2527 ||| STAIRDANCE
  2580 | D:4      | 2580 ||| STAIRDANCE
  2667 | D:4      | Reached skill level 8 in Ranged Weapons
  2767 | D:4      | Found an iron altar of Okawaru.
  2768 | D:4      | 2768 ||| PLANNING OKAWARU WORSHIP
  2768 | D:4      | 2768 ||| UPGRADING to ring of resist corrosion.
  2769 | D:4      | 2769 ||| READING scroll labelled TIH JISIUKH.
  2783 | D:4      | Became a worshipper of Warmaster Okawaru
  2783 | D:4      | 2783 ||| PLANNING D:1-11
  3310 | D:4      | 3310 ||| READING scroll labelled MUXKUT VURPH.
  3311 | D:4      | 3311 ||| READING scroll labelled MOFOZU IBYLYRCH.
  3314 | D:5      | Entered Level 5 of the Dungeon
  3326 | D:5      | Found Ilezymesh's Weapon Boutique.
  3326 | D:5      | Noticed an ice beast
  3337 | D:5      | Killed an ice beast
  3338 | D:5      | Reached XP level 7. HP: 45/61 MP: 6/6
  3394 | D:5      | 3394 ||| BUYING +0 longbow of freezing (191 gold).
  3394 | D:5      | Bought a +0 longbow of freezing for 191 gold pieces
  3394 | D:5      | 3394 ||| SWAPPING to +0 longbow of freezing.
  3395 | D:5      | 3395 ||| DROPPING +1 shortbow of draining.
  3516 | D:5      | Reached skill level 9 in Ranged Weapons
  3681 | D:5      | Reached skill level 3 in Dodging
  3732 | D:5      | Reached * piety under Okawaru
  3741 | D:5      | Found Bedoug's Antique Weapon Shoppe.
  3782 | D:5      | Reached skill level 1 in Invocations
  3818 | D:5      | Identified the ring of Xadamer {rF- Will- rCorr Int+6
                  | Dex+5}
  3970 | D:5      | Reached XP level 8. HP: 70/70 MP: 8/8
  4231 | D:5      | 4231 ||| UPGRADING to ring of Xadamer {rF- Will- rCorr
                  | Int+6 Dex+5}.
  4233 | D:5      | 4233 ||| READING scroll labelled UNIUVI JOHAID.
  4234 | D:5      | 4234 ||| READING scroll labelled LUIFEE ETISISU.
  4376 | D:6      | 4376 ||| INVOKING Heroism.
  4412 | D:6      | 4412 ||| FLEEEEING.
  4413 | D:6      | 4413 ||| FLEEEEING.
  4414 | D:6      | 4414 ||| FLEEEEING.
  4415 | D:6      | 4415 ||| FLEEEEING.
  4416 | D:6      | 4416 ||| FLEEEEING.
  4538 | D:6      | 4538 ||| Stepping ~*~*~tactically~*~*~ (outnumbered).
  4543 | D:6      | 4543 ||| INVOKING Heroism.
  4552 | D:6      | Reached skill level 3 in Invocations
  4635 | D:6      | Noticed Blork the orc
  4636 | D:6      | 4636 ||| INVOKING Heroism.
  4640 | D:6      | Killed Blork the orc
  4659 | D:6      | 4659 ||| READING scroll of enchant weapon.
  4659 | D:6      | 4659 ||| ENCHANTING +0 longbow of freezing.
  4674 | D:6      | Reached skill level 6 in Fighting
  4687 | D:6      | Noticed Maggie
  4694 | D:6      | HP: 15/70 [Maggie/bolt of fire (37)]
  4695 | D:6      | 4695 ||| DRINKING potion of heal wounds.
  4696 | D:6      | 4696 ||| INVOKING Heroism.
  4699 | D:6      | Killed Maggie
  4801 | D:6      | Found a staircase to the Ecumenical Temple.
  4806 | D:6      | 4806 ||| INVOKING Heroism.
  4817 | D:6      | Reached skill level 10 in Ranged Weapons
  4828 | D:6      | 4828 ||| FLEEEEING.
  4829 | D:6      | 4829 ||| FLEEEEING.
  4830 | D:6      | 4830 ||| FLEEEEING.
  4831 | D:6      | 4831 ||| FLEEEEING.
  4832 | D:6      | 4832 ||| FLEEEEING.
  4835 | D:6      | 4835 ||| FLEEEEING.
  5013 | D:6      | 5013 ||| INVOKING Heroism.
  5038 | D:6      | Found an ornate altar of the Wu Jian Council.
  5070 | D:6      | Noticed Grinder
  5071 | D:6      | 5071 ||| INVOKING Heroism.
  5075 | D:6      | Killed Grinder
  5076 | D:6      | Reached XP level 9. HP: 65/79 MP: 8/11
  5215 | D:6      | Noticed Edmund
  5216 | D:6      | 5216 ||| INVOKING Heroism.
  5220 | D:6      | Killed Edmund
  5243 | D:6      | Noticed Eustachio
  5244 | D:6      | 5244 ||| INVOKING Heroism.
  5247 | D:6      | Killed Eustachio
  5469 | D:6      | 5469 ||| UPGRADING to +0 steam dragon scales.
  5479 | D:6      | 5479 ||| DROPPING +0 ring mail.
  5480 | D:6      | 5480 ||| READING 2 scrolls labelled JYFULA FEIJ.
  5485 | D:6      | 5485 ||| READING 2 scrolls of identify.
  5485 | D:6      | 5485 ||| IDENTIFYING silvery potion
  5486 | D:6      | 5486 ||| DROPPING potion of ambrosia.
  5682 | D:7      | 5682 ||| INVOKING Heroism.
  5817 | D:7      | 5817 ||| Stepping ~*~*~tactically~*~*~ (outnumbered).
  5819 | D:7      | 5819 ||| Stepping ~*~*~tactically~*~*~ (outnumbered).
  5821 | D:7      | 5821 ||| Stepping ~*~*~tactically~*~*~ (outnumbered).
  5823 | D:7      | 5823 ||| Stepping ~*~*~tactically~*~*~ (outnumbered).
  5825 | D:7      | 5825 ||| Stepping ~*~*~tactically~*~*~ (outnumbered).
  5912 | D:7      | 5912 ||| INVOKING Heroism.
  5915 | D:7      | Reached skill level 11 in Ranged Weapons
  5922 | D:7      | 5922 ||| DRINKING 2 potions of curing.
  5922 | D:7      | 5922 ||| (to cure confusion)
  6076 | D:7      | Reached skill level 6 in Dodging
  6080 | D:7      | 6080 ||| INVOKING Heroism.
  6083 | D:7      | 6083 ||| READING 2 scrolls of teleportation.
  6083 | D:7      | HP: 14/76 [bullfrog (6)]
  6083 | D:7      | HP: 4/76 [wight/+0 halberd (10)]
  6083 | D:7      | Slain by a killer bee

Levels and vault maps discovered:
D:1:      lemuel_arrival_muddy, layout_rooms, minmay_split_cup_large
D:2:      layout_loops_ring, serial_shops, nicolae_square_shop,
          minmay_splitting_lines, corexii_shack, hangedman_decor_slide_cut
D:3:      minmay_goblin_kobold_castle, layout_loops_ring,
          nicolae_overflow_quartered_altars, chequers_serial_rivers_micro_a,
          minmay_misc_feat_five, minmay_misc_feat_pillars
D:4:      layout_loops_ring, old_standard_altar, corner_web_ring
D:5:      layout_loops_ring, serial_shops, nicolae_shop_hallway_plus, shop,
          skrybe_limestone_x, corexii_checkpoint_b
D:6:      layout_gridville, nzn_wu_jian_contemplation,
          minmay_temple_entry_statues_fountains,
          corexii_item_surrounded_by_moat, grunt_decor_junction, uniq_edmund,
          uniq_maggie, uniq_grinder, uniq_eustachio, uniq_blork_the_orc
D:7:      layout_gridville, minmay_statues_item

Skill      XL: |  1  2  3  4  5  6  7  8  9 |
---------------+----------------------------+-----
Ranged Weapons | 5 6 7 8 9 10 11 | 11.3
Fighting       | 3 4 5 7 |  7.5
Armour         | 1 2 |  2.2
Dodging        | 3 4 6 |  6.1
Invocations    | 2 4 |  4.7
Stealth        | |  0.7

Action                     |  1- 3 |  4- 6 |  7- 9 || total
---------------------------+-------+-------+-------++-------
   Fire: Shortbow          |    97 |   227 |       ||   324
         Longbow           |       |       |   193 ||   193
 Invoke: Heroism           |       |       |    12 ||    12
    Use: Scroll            |     7 |     3 |     6 ||    16
         Potion            |     3 |     1 |     2 ||     6
 Armour: Leather armour    |     5 |       |       ||     5
         Ring mail         |     4 |    29 |    17 ||    50
         Steam dragon scal |       |       |     8 ||     8
  Dodge: Dodged            |    19 |    68 |    83 ||   170

Table legend:
 A = Non-vault XP
 B = Vault XP
 C = Vault XP percentage of total XP
 D = Non-vault monster count
 E = Vault monster count
 F = Vault count percentage of total count
                 A         B        C        D         E       F
            +---------+---------+-------+---------+---------+-------
      Total |    2967 |    1484 |  33.3 |     117 |      61 |  34.3
            +---------+---------+-------+---------+---------+-------
        D:1 |      28 |       7 |  20.0 |      18 |       4 |  18.2
        D:2 |      41 |       1 |   2.4 |      12 |       1 |   7.7
        D:3 |     102 |     378 |  78.8 |      16 |      49 |  75.4
        D:4 |     131 |       0 |   0.0 |      19 |       0 |   0.0
        D:5 |     767 |       5 |   0.6 |      10 |       2 |  16.7
        D:6 |     897 |    1093 |  54.9 |      24 |       5 |  17.2
        D:7 |    1001 |       0 |   0.0 |      18 |       0 |   0.0
            +---------+---------+-------+---------+---------+-------
